 Dungeon Crawl Stone Soup version 0.28-a0-804-g60983d4ba9 (webtiles) character file.

Game seed: 1757995409847481509

2 croobank the Charlatan (level 1, -2/18 HPs)
             Began as a Naga Artificer on Nov 7, 2021.
             Slain by a hobgoblin (3 damage)
             ... on level 1 of the Dungeon.
             The game lasted 00:02:20 (124 turns).

croobank the Charlatan (Naga Artificer)              Turns: 124, Time: 00:02:21

Health: -2/18      AC:  2    Str: 14    XL:     1   Next: 40%
Magic:  1/1        EV:  9    Int: 11    God:
Gold:   0          SH:  0    Dex: 11    Spells: 0/0 levels left

rFire   . . .      SeeInvis +   a - +0 club
rCold   . . .      Faith    .   (no shield)
rNeg    . . .      Spirit   .   b - +0 leather armour
rPois   +          Reflect  .   (no helmet)
rElec   .          Harm     .   (no cloak)
rCorr   .          Rampage  .   (no gloves)
Will    .....                   (no barding)
Stlth   +.........              (no amulet)
HPRegen 0.06/turn               (no ring)
MPRegen 0.07/turn               (no ring)

@: very slow
A: AC +0, large, see invisible, deformed body, poison resistance, slowness 2,
spit poison 1, naga tail 1
a: Spit Poison


You were on level 1 of the Dungeon.
You visited 1 branch of the dungeon, and saw 1 of its levels.

Inventory:

Hand Weapons
 a - a +0 club (weapon)
Armour
 b - a +0 leather armour (worn)
Wands
 c - a wand of flame (14) (quivered)
 d - a wand of charming (15)
Miscellaneous
 e - a piece from Xom's chessboard (15/15)


   Skills:
 + Level 1.0 Fighting
 + Level 1.5 Armour
 + Level 0.7 Dodging
 + Level 1.5 Stealth
 + Level 3.2 Evocations


You couldn't memorise any spells.
You didn't know any spells.
Your spell library was empty.

Dungeon Overview and Level Annotations

Branches:
Dungeon (1/15)

Altars:


Innate Abilities, Weirdness & Mutations

Your serpentine skin is tough. (AC +0)
You have supernaturally acute eyesight. (SInv)
Armour fits poorly on your strangely shaped body.
Your system is resistant to poisons. (rPois)
You cover ground very slowly.
You can spit poison.
You have a snake-like lower body.


Message History

You hit the endoplasm but do no damage. The endoplasm freezes you.
You are frozen.
The hobgoblin closely misses you. The endoplasm freezes you.
You are frozen.
You hit the endoplasm.
The endoplasm is almost dead.
The hobgoblin barely misses you. The endoplasm freezes you.
You are frozen.
You hit the endoplasm.
You kill the endoplasm!
The hobgoblin hits you. x2
* * * LOW HITPOINT WARNING * * *
You barely miss the hobgoblin. The hobgoblin hits you.
* * * LOW HITPOINT WARNING * * *
Aiming: Throw Flame
Press: ? - help, Q - select action, (/) - cycle Shift-Dir - straight line, f - hobgoblin
Aim: a hobgoblin (71% to hit)
The puff of flame misses the hobgoblin.
The hobgoblin hits you but does no damage.
You aren't carrying any potions.
You aren't carrying any potions.
You hit the hobgoblin.
The hobgoblin is lightly wounded.
The hobgoblin barely misses you. The hobgoblin completely misses you.
A bat comes into view.
A giant cockroach comes into view.
You barely miss the hobgoblin.
The hobgoblin is lightly wounded.
The hobgoblin barely misses you. x2
You closely miss the hobgoblin.
The hobgoblin is lightly wounded.
The hobgoblin hits you.
* * * LOW HITPOINT WARNING * * *
You closely miss the hobgoblin.
The hobgoblin is lightly wounded.
The hobgoblin hits you.
You die...

. #.....#.# .#.
####........ ....
#........... .....##.#.#
#.##b.......
.≈≈≈.......##.##........
≈≈≈≈≈..........#..B.$...
≈≈≈≈≈≈..#......#........
.≈≈8≈≈≈.#......g@...#
≈.≈≈≈≈≈.#.......##.##
≈.≈≈≈≈≈.#.......# #
≈.≈≈≈≈≈.####....#
.≈≈≈≈≈≈.#....##.....
≈≈≈≈≈≈≈...#####.#....
≈≈≈≈≈≈≈##.....#.#....
≈≈≈≈≈≈≈...###.... ...
≈≈≈≈≈≈≈....... .. ##


You could see a giant cockroach, a hobgoblin and a bat.

Vanquished Creatures
  A ball python (D:1)
  An endoplasm (D:1)
2 creatures vanquished.

Notes
Turn   | Place    | Note
-------+----------+-------------------------------------------
     0 | D:1      | croobank the Naga Artificer began the quest for the Orb.
     0 | D:1      | Reached XP level 1. HP: 18/18 MP: 1/1
   124 | D:1      | Slain by a hobgoblin

Illustrated notes

Levels and vault maps discovered:
D:1:      nzn_arrival_water_spiral, layout_rooms,
          hellmonk_ecumenical_altar_leap_of_faith

Action                   || total
-------------------------++-------
Melee: Club              ||    16
Evoke: Wand              ||     1
Armor: Leather armour    ||     5
Dodge: Dodged            ||    11

Table legend: (Time is in decaauts)
 A = Elapsed time spent in this place.
 B = Non-inter-level travel time spent in this place.
 C = Inter-level travel time spent in this place.
 D = Time resting spent in this place.
 E = Time spent auto-exploring this place.
 F = Levels seen in this place.
 G = Mean time per level.
                   A        B        C        D        E       F      G
               +--------+--------+--------+--------+--------+-----+--------+
         Total |    144 |    144 |      0 |     84 |      5 |   1 |  144.0 |
       Dungeon |    144 |    144 |      0 |     84 |      5 |   1 |  144.0 |
               +--------+--------+--------+--------+--------+-----+--------+

Top non-repeatable levels by time:
     D:1: 144 daAuts
